 Dungeon Crawl Stone Soup version 0.28.0-43-g3370ac3207 (webtiles) character file.

Game seed: 1252805444681735498

2897 CryoSword the Martial Artist (level 9, -15/79 HPs)
             Began as a Green Draconian Transmuter on Mar 26, 2022.
             Demolished by Joseph
             ... wielding a +0 quarterstaff
              (19 damage)
             ... on level 7 of the Dungeon.
             The game lasted 00:13:05 (7575 turns).

CryoSword the Martial Artist (DrTm)                 Turns: 7575, Time: 00:13:06

Health: -15/79     AC: 10    Str: 13    XL:     9   Next: 49%
Magic:  12/12      EV: 13    Int: 16    God:
Gold:   260        SH:  0    Dex: 13    Spells: 6/12 levels left

rFire   . . .      SeeInvis .     - Unarmed
rCold   . . .      Faith    .   (no shield)
rNeg    . . .      Spirit   .   (armour unavailable)
rPois   +          Reflect  .   (helmet currently unavailable)
rElec   .          Harm     .   h - +2 cloak {Will+}
rCorr   .          Rampage  .   (no gloves)
Will    +....                   (boots currently unavailable)
Stlth   +.........              (no amulet)
HPRegen 0.23/turn               g - ring of flight
MPRegen 0.13/turn               (no ring)

@: short of breath, appendages (expiring), flying
A: horns 2, talons 2, breathe noxious fumes, AC +7, unfitting armour, poison
resistance, cold-blooded
a: Breathe Noxious Fumes, End Transformation


You were on level 7 of the Dungeon.
You had temporarily grown beastly horns and talons.
You visited 1 branch of the dungeon, and saw 7 of its levels.

You collected 260 gold pieces.

Inventory:

Missiles
 c - 11 poisoned darts
 k - 13 boomerangs
Armour
 h - a +2 cloak of willpower (worn)
   (You took it off Crazy Yiuf on level 2 of the Dungeon)
 m - a +1 pair of boots (melded)
   (You found it on level 1 of the Dungeon)
Jewellery
 g - a ring of flight (left hand)
   (You found it on level 2 of the Dungeon)
Scrolls
 a - a scroll of blinking
 b - 4 scrolls of teleportation {@r4}
 d - a scroll of torment {unknown}
 i - a scroll of amnesia {unknown}
 p - a scroll of enchant weapon {unknown}
 s - a scroll of identify {@r1}
 u - a scroll of immolation {unknown}
Potions
 f - 2 potions of ambrosia
 j - a potion of mutation {!q}
 l - 3 potions of haste {unknown}
 n - a potion of degeneration {unknown}
 o - a potion of cancellation {unknown}
 q - 3 potions of attraction {unknown}
 r - a potion of magic {unknown}
 t - a potion of brilliance {unknown}
 v - a potion of curing {unknown}


   Skills:
 + Level 7.0 Fighting
 + Level 3.9 Dodging
 * Level 0.0 Stealth
 * Level 9.6 Unarmed Combat
 - Level 2.1 Spellcasting
 - Level 5.4 Transmutations
 - Level 3.0 Poison Magic


You had 6 spell levels left.
You knew the following spells:

 Your Spells              Type           Power      Damage    Failure   Level
a - Beastly Appendage     Tmut           38%        N/A       2%          1
b - Wereblood             Tmut           19%        N/A       3%          2
c - Spider Form           Tmut/Pois      15%        N/A       11%         3

Your spell library contained the following spells:

 Spells                   Type           Power      Damage    Failure   Level
 Passwall                 Tmut/Erth      8%         N/A       10%         2
 Slow                     Hex            4%         N/A       21%         1
 Ensorcelled Hibernation  Hex/Ice        2%         N/A       30%         2
 Confusing Touch          Hex            1%         N/A       52%         3
 Ozocubu's Armour         Ice            1%         N/A       52%         3
 Swiftness                Air            1%         N/A       52%         3
 Tukima's Dance           Hex            1%         N/A       52%         3
 Vampiric Draining        Necr           1%         2d6       52%         3
 Ice Form                 Ice/Tmut       10%        N/A       54%         4
 Yara's Violent Unravell  Hex/Tmut       5%         3d4       88%         5
 Passage of Golubria      Tloc           1%         N/A       90%         4
 Ozocubu's Refrigeration  Ice            0%         4d5       100%        7


Dungeon Overview and Level Annotations

Branches:
Dungeon (7/15)
 Temple: D:4-7

Altars:
Fedhas
Qazlal
Xom

Annotations:
D:7 Joseph


Innate Abilities, Weirdness & Mutations

You have temporarily grown beastly horns and talons.
You can breathe blasts of noxious fumes.
Your lurid green scales are hard. (AC +7)
You cannot fit into any form of body armour.
Your system is resistant to poisons. (rPois)
You are cold-blooded and may be slowed by cold attacks.


Message History

The wyvern is engulfed in noxious fumes.
The wyvern appears confused.
The wyvern misses you.
You are too injured to fight recklessly!
You are too injured to fight recklessly!
You are too injured to fight recklessly!
You are too injured to fight recklessly!
You hit the wyvern. You punch the wyvern.
The wyvern is engulfed in noxious fumes.
You hit the wyvern.
You kill the wyvern!
Your transformation is almost over.
You have got your breath back.
Your horns disappear.
Your talons disappear.
Your +1 pair of boots unmelds from your body.
Found a robe.
You see here a wyvern corpse.
Found a stone staircase leading down.
You now have 260 gold pieces (gained 18).
v - an inky potion Could not explore, unopened door.
You reach down and open the door.
A purple ugly thing comes into view.
The purple ugly thing engulfs you.
Aim: a purple ugly thing (59% to hit)
You exhale a blast of noxious fumes.
The blast of choking fumes hits the purple ugly thing!
The purple ugly thing is engulfed in noxious fumes.
The purple ugly thing closely misses you.
You grow a pair of large bovine horns.
Your feet morph into talons.
Your +1 pair of boots melds into your body.
The purple ugly thing is engulfed in noxious fumes.
The purple ugly thing barely misses you.
You hit the purple ugly thing but do no damage.
You claw the purple ugly thing. You headbutt the purple ugly thing.
The purple ugly thing is engulfed in noxious fumes.
The purple ugly thing engulfs you.
You hit the purple ugly thing. You headbutt the purple ugly thing.
You tail-slap the purple ugly thing.
The purple ugly thing is engulfed in noxious fumes.
The purple ugly thing engulfs you.
You closely miss the purple ugly thing.
You claw the purple ugly thing, but do no damage.
You headbutt the purple ugly thing. You punch the purple ugly thing.
The purple ugly thing is engulfed in noxious fumes.
The purple ugly thing engulfs you but does no damage.
You hit the purple ugly thing. Your kick misses the purple ugly thing.
Your headbutt misses the purple ugly thing.
You completely miss the purple ugly thing.
You tail-slap the purple ugly thing.
The purple ugly thing closely misses you.
You punch the purple ugly thing! Your kick misses the purple ugly thing.
You headbutt the purple ugly thing! The purple ugly thing engulfs you!
You hit the purple ugly thing but do no damage.
The purple ugly thing engulfs you but does no damage.
You barely miss the purple ugly thing. Your kick misses the purple ugly thing.
You headbutt the purple ugly thing.
You tail-slap the purple ugly thing, but do no damage.
The purple ugly thing engulfs you.
You barely miss the purple ugly thing. You claw the purple ugly thing.
You tail-slap the purple ugly thing. You punch the purple ugly thing.
The purple ugly thing closely misses you.
You hit the purple ugly thing. You claw the purple ugly thing.
You hit the purple ugly thing. You claw the purple ugly thing.
Your headbutt misses the purple ugly thing.
You tail-slap the purple ugly thing.
Your punch misses the purple ugly thing.
The purple ugly thing engulfs you!
You hit the purple ugly thing but do no damage.
Your kick misses the purple ugly thing.
The purple ugly thing engulfs you but does no damage.
You barely miss the purple ugly thing. You claw the purple ugly thing!
The purple ugly thing engulfs you.
You closely miss the purple ugly thing. You punch the purple ugly thing.
You kill the purple ugly thing!
Your Fighting skill increases to level 7!
You start resting.
You have got your breath back.
You start resting.
Your transformation is almost over.
Your horns disappear.
Your talons disappear.
Your +1 pair of boots unmelds from your body.
You start resting.
There is an open door here.
Found 32 stones.
Could not explore, unopened door.
You reach down and open the door.
Joseph and a necrophage come into view.
Joseph is wielding a +0 quarterstaff and wearing a +4 ring mail of cold resistance.
There's nothing to open nearby.
A kobold comes into view. It is wielding a +0 dagger.
The kobold shouts!
There is an open door here.
Joseph shouts!
You hear a shout!
You reach down and close the door.
A necrophage opens the door.
You grow a pair of large bovine horns.
Your feet morph into talons.
Your +1 pair of boots melds into your body.
Aim: Joseph, wielding a +0 quarterstaff, wearing a +4 ring mail of cold resistance and quivering sling bullets (65% to hit)
You exhale a blast of noxious fumes.
The blast of choking fumes hits Joseph but does no damage.
Joseph is engulfed in noxious fumes.
Joseph appears confused.
Joseph drinks a potion.
Joseph goes berserk!
The necrophage closely misses you.
Unknown command.
You punch Joseph! You claw Joseph, but do no damage.
Your headbutt misses Joseph. You tail-slap Joseph.
Joseph hits the necrophage with a +0 quarterstaff!
The necrophage misses you. Joseph hits you with a +0 quarterstaff!
You hit Joseph but do no damage. Your kick misses Joseph.
Joseph closely misses you. The necrophage closely misses you.
You strike the helpless Joseph from behind!
You punch Joseph! You claw Joseph. Joseph barely misses you.
You hit Joseph but do no damage. Your kick misses Joseph. You tail-slap Joseph.
Joseph closely misses you. The necrophage misses you.
You hit Joseph.
Your tail-slap misses Joseph.
Joseph rages.
The necrophage hits you but does no damage.
You barely miss Joseph. You headbutt Joseph, but do no damage.
You tail-slap Joseph, but do no damage.
Joseph hits himself with a +0 quarterstaff!!
The necrophage hits you but does no damage.
You hit Joseph but do no damage. You claw Joseph.
Your tail-slap misses Joseph.
Joseph hits you with a +0 quarterstaff!!
Joseph hits himself with a +0 quarterstaff!
The necrophage hits you.
You hit Joseph but do no damage. You claw Joseph, but do no damage.
You hit Joseph. You punch Joseph.
You have got your breath back.
Joseph seems less confused.
Joseph hits you with a +0 quarterstaff.
* * * LOW HITPOINT WARNING * * *
The necrophage misses you.
You closely miss Joseph. Your kick misses Joseph. Your headbutt misses Joseph.
Joseph barely misses you. The necrophage barely misses you.
Joseph hits you with a +0 quarterstaff!
* * * LOW HITPOINT WARNING * * *
You barely miss Joseph. You claw Joseph, but do no damage.
Joseph hits you with a +0 quarterstaff!!
* * * LOW HITPOINT WARNING * * *
The necrophage hits you but does no damage.
Blink to where?
As you read the scroll of blinking, it crumbles to dust.
As you read the scroll of fog, it crumbles to dust.
The scroll dissolves into smoke.
Your transformation is almost over.
You hear a shout! x2
Aim: Joseph, wielding a +0 quarterstaff, wearing a +4 ring mail of cold resistance and quivering sling bullets (blue smoke, almost dead, berserk, 65% to hit)
You exhale a blast of noxious fumes.
The blast of choking fumes hits Joseph!
Joseph hits you with a +0 quarterstaff!!
You die...

###......# #.#.#
.........# #.#.###
####.....# ####.....#
#.....# #........#
#..##§####.###....#
#####.##§§§§# ##....####
........§§§§# #.........
######.####§#+##.........
######.####§§§§#@........
...........§§§§@.........
.#####'####§§☼.÷.........
#......§....#########
#...........#
#...........#
#...........#
###..##.....# ##.##.....#


You could see Joseph (berserk).

Vanquished Creatures
  An ugly thing (D:7)
  Grinder (D:3)
  A wyvern (D:7)
  A yak (D:6)
  Eustachio (D:4)
  Menkaure (D:4)
  Duvessa (D:4)
  An orc warrior (D:6)
  2 sky beasts
  An ogre (D:5)
  A centaur (D:6)
  A phantom (D:4)
  2 scorpions
  Dowan (D:4)
  A howler monkey (D:6)
  A centaur zombie (D:6)
  3 hounds
  A centaur skeleton (D:4)
  3 jellies
  3 orc priests
  Crazy Yiuf (D:2)
  A gnoll shaman (D:6)
  Ijyb (D:3)
  6 iguanas
  A hound skeleton (D:3)
  A howler monkey zombie (D:5)
  Robin (D:3)
  A howler monkey skeleton (D:6)
  6 gnolls
  8 adders
  A shadow imp (D:5)
  An ufetubus (D:4)
  An adder skeleton (D:4)
  3 worms (D:2)
  2 dart slugs
  27 orcs
  4 endoplasms
  2 giant cockroaches
  17 goblins
  13 hobgoblins
  12 kobolds
  A quokka (D:1)
  6 ball pythons
  3 bats (D:3)
  7 frilled lizards
  5 rats
160 creatures vanquished.

Vanquished Creatures (others)
  A plant (D:5)
1 creature vanquished.

Grand Total: 161 creatures vanquished

Notes
Turn   | Place    | Note
-------+----------+-------------------------------------------
     0 | D:1      | CryoSword the Draconian Transmuter began the quest for the
                  | Orb.
     0 | D:1      | Reached XP level 1. HP: 16/16 MP: 3/3
   280 | D:1      | You fall into a shaft and drop 1 floor!
   395 | D:2      | Reached XP level 2. HP: 12/23 MP: 3/5
  1101 | D:1      | Reached XP level 3. HP: 22/29 MP: 4/6
  1344 | D:2      | Found a runed translucent door.
  1345 | D:2      | Noticed Crazy Yiuf
  1556 | D:2      | Learned a level 2 spell: Wereblood
  1560 | D:2      | Learned a level 3 spell: Spider Form
  1587 | D:2      | Killed Crazy Yiuf
  1869 | D:3      | Noticed Grinder
  2146 | D:2      | Reached XP level 4. HP: 36/36 MP: 5/7
  2238 | D:3      | Noticed Ijyb
  2247 | D:3      | Killed Ijyb
  2248 | D:3      | Reached skill level 4 in Unarmed Combat
  2356 | D:3      | Killed Grinder
  2357 | D:3      | Reached skill level 5 in Unarmed Combat
  2357 | D:3      | Reached XP level 5. HP: 20/45 MP: 8/8
  2357 | D:3      | Reached XP level 6. HP: 23/51 MP: 9/9
  2833 | D:3      | Noticed Robin
  2845 | D:3      | Killed Robin
  3269 | D:4      | Noticed Menkaure
  3286 | D:4      | Killed Menkaure
  3382 | D:4      | Your scales start taking on a lurid green colour.
  3382 | D:4      | Reached XP level 7. HP: 57/58 MP: 10/10
  3382 | D:4      | Gained mutation: Your system is resistant to poisons.
                  | (rPois) [Green Draconian growth]
  3397 | D:4      | Noticed Eustachio
  3424 | D:4      | Reached skill level 6 in Unarmed Combat
  3437 | D:4      | Killed Eustachio
  3987 | D:4      | Reached skill level 7 in Unarmed Combat
  4058 | D:4      | Noticed Dowan
  4058 | D:4      | Noticed Duvessa
  4091 | D:4      | Killed Duvessa
  4092 | D:4      | Reached skill level 5 in Fighting
  4092 | D:4      | Reached skill level 5 in Transmutations
  4092 | D:4      | Reached XP level 8. HP: 50/68 MP: 11/11
  4097 | D:4      | Killed Dowan
  4554 | D:5      | Entered Level 5 of the Dungeon
  4989 | D:5      | Reached skill level 1 in Poison Magic
  5718 | D:5      | Found a stormy altar of Qazlal.
  5732 | D:5      | Noticed an air elemental
  5747 | D:5      | Reached skill level 8 in Unarmed Combat
  6252 | D:6      | Found a shimmering altar of Xom.
  6268 | D:6      | Reached XP level 9. HP: 43/75 MP: 12/12
  7071 | D:6      | Reached skill level 9 in Unarmed Combat
  7182 | D:6      | Found a blossoming altar of Fedhas.
  7382 | D:7      | Noticed a purple ugly thing
  7400 | D:7      | Killed a purple ugly thing
  7544 | D:7      | Noticed Joseph
  7566 | D:7      | HP: 1/79 [Joseph/+0 quarterstaff (28)]
  7575 | D:7      | Demolished by Joseph

Illustrated notes

Levels and vault maps discovered:
D:1:      ebering_trefoil_twist, layout_rooms, minmay_misc_feat_four_crosses,
          minmay_shallow_snake_nest
D:2:      layout_basic, uniq_crazy_yiuf_cottage
D:3:      layout_basic, minmay_misc_feat_tower, kennysheep_generic_room_15,
          uniq_ijyb, uniq_robin, uniq_grinder
D:4:      layout_rooms, uniq_menkaure, uniq_eustachio, uniq_duvessa
D:5:      corexii_shantytown, layout_cave_pools,
          nicolae_qazlal_style_of_elements, serial_column_ruins,
          column_ruins_square_large, column_ruins_columns_straight,
          column_ruins_columns_T, column_ruins_corridor_straight
D:6:      layout_basic, grunt_temple_overflow_open, minmay_microvault
D:7:      layout_basic, minmay_temple_entry_glassed_door, uniq_joseph

Skill      XL: |  1  2  3  4  5  6  7  8  9 |
---------------+----------------------------+-----
Fighting       | 2 3 5 6 7 |  7.0
Unarmed Combat | 5 7 8 9 |  9.6
Transmutations | 3 4 5 |  5.4
Poison Magic   | 3 |  3.0
Dodging        | 2 3 |  3.9
Spellcasting   | |  2.1

Action                   |  1- 3 |  4- 6 |  7- 9 || total
-------------------------+-------+-------+-------++-------
Melee: Unarmed           |    82 |    98 |   308 ||   488
       Kick              |    18 |    25 |    84 ||   127
       Headbutt          |    14 |    14 |    55 ||    83
       Tailslap          |     9 |     9 |    44 ||    62
       Punch             |       |     7 |    17 ||    24
 Cast: Beastly Appendage |    23 |    19 |    45 ||    87
       Spider Form       |     1 |       |       ||     1
       Wereblood         |       |     1 |       ||     1
 Abil: Breathe Noxious F |       |       |    26 ||    26
  Use: Scroll            |       |     5 |     2 ||     7
 Stab: Confused          |       |       |    11 ||    11
       Sleeping          |       |       |     1 ||     1
Armor: Skin              |    23 |    36 |    93 ||   152
Dodge: Dodged            |    44 |    60 |   156 ||   260
